[Event "December 19 Early 2023"]
[Site "https://www.chess.com"]
[Date "2023.12.19"]
[Round "1"]
[White "Xhembulla, Aleksander"]
[Black "Kornyukov, Alexey"]
[Result "1/2-1/2"]
[Board "157"]
[TimeControl "180+1"]
[WhiteFideId "4705114"]
[BlackFideId "4150457"]
[WhiteElo "2220"]
[BlackElo "2352"]
[WhiteTeam "ALB"]
[BlackTeam "RUS"]
[WhiteClock "0:00:25"]
[BlackClock "0:00:10"]

1. e4 c5 2. c3 Nf6 3. e5 Nd5 4. Nf3 Nc6 5. d4 cxd4 6. Bc4 Nb6 7. Bb3 d5 8. exd6 Qxd6 9. O-O e6 10. Nxd4 Nxd4 11. cxd4 Bd7 12. Nc3 Be7 13. Qg4 O-O 14. Bh6 Bf6 15. Ne4 Qxd4 16. Rad1 Qxb2 17. Bc1 Qe5 18. Rfe1 Qf5 19. Nxf6+ Qxf6 20. Bg5 Qg6 21. Qh4 h6 22. Bf4 Bc6 23. Bg3 Qf6 24. Qb4 Nd5 25. Qg4 Nc3 26. Rc1 Nd5 27. h4 Qf5 28. Qd4 Rfd8 29. Bc2 Qh5 30. Qe4 Nf6 31. Qe3 Qd5 32. f3 Qd4 33. Bb3 Qxe3+ 34. Rxe3 Rd2 35. Bf4 Nd5 36. Bxd5 Rxd5 37. Bg3 Ra5 38. a3 Bd5 39. Rec3 Bc6 40. Kh2 Re8 41. Be1 Rd5 42. g4 e5 43. Kg3 e4 44. f4 e3 45. R1c2 e2 46. Kf2 Rd1 47. Rxe2 Rxe2+ 48. Kxe2 Rd4 49. Bd2 Re4+ 50. Kf2 Ra4 51. Be3 a6 52. Rd3 Re4 53. h5 Re8 54. Rb3 f6 55. Rc3 Kf7 56. Rc5 Re4 57. Rc3 Ra4 58. Rd3 Ke6 59. Rc3 Bb5 60. Kg3 Rc4 61. Rb3 Re4 62. Rc3 Rc4 63. Rd3 Rc6 64. Rb3 Rd6 65. Kf2 Rd3 66. Rb4 Rxa3 67. f5+ Kf7 68. Rd4 Ra2+ 69. Kg3 Rc2 70. Rd8 Rc7 71. Bb6 Re7 72. Rb8 Bc6 73. Bc5 Re8 74. Rxe8 Kxe8 75. Kf4 Kd7 76. Bf8 a5 77. Bxg7 a4 78. Bxf6 b5 79. Bc3 a3 80. Ke5 a2 81. Ba1 b4 82. f6 Ke8 83. Kf5 Bd7+ 84. Kg6 Bxg4 85. Kxh6 Kf7 86. Kg5 Be2 87. h6 Bd3 88. Kf4 Bh7 89. Ke5 Bg6 90. Kd4 b3 91. Kc4 Bc2 92. Bc3 Bg6 93. Kb4 Bc2 94. Ka3 Kg6 95. Kb4 Kf7 96. Kc5 Kg6 97. Kc4 Kf7 98. Kc5 Kg6 99. Kc6 Kf7 100. Kc7 Kg6 101. Kd8 Kf7 102. Kd7 Kg6 103. Ke7 b2 104. Bxb2 Bb3 105. Kd6 Bg8 106. Kc5 Kxh6 107. Kd6 Bf7 108. Ke7 Kg6 109. Kf8 Be6 110. Ke7 Bf7 111. Kd6 Bg8 112. Kc5 Kf7 113. Kb4 Ke6 114. Ka3 Bf7 115. Ba1 Kf5 116. Kb4 Kg6 117. Kc5 Kf5 118. Kd6 Kg6 119. Ke5 Bc4 120. Kd4 Bf7 121. Ke5 Bb3 122. Kf4 Kf7 123. Ke3 Be6 124. Kd4 Kg6 125. Ke5 Kf7 126. Kd6 Bb3 127. Kc7 Bd5 128. Kd8 Bc6 129. Kc7 Ba4 130. Kd6 Bb3 131. Be5 Bd1 132. Ba1 Bf3 133. Ke5 Be2 134. Kf4 Bc4 135. Ke3 Be6 136. Kd4 Bb3 137. Kc3 Bd1 138. Kb2 Kxf6 139. Kxa2+ 1/2-1/2

[Event "December 19 Early 2023"]
[Site "https://www.chess.com"]
[Date "2023.12.19"]
[Round "1"]
[White "Vigoa Apecheche, Yanira"]
[Black "Weishaeutel, Moritz"]
[Result "1-0"]
[Board "158"]
[TimeControl "180+1"]
[WhiteFideId "3507041"]
[BlackFideId "12967300"]
[WhiteElo "2276"]
[BlackElo "2321"]
[WhiteTeam "USA"]
[BlackTeam "GER"]
[WhiteClock "0:00:20"]
[BlackClock "0:00:31"]

1. d4 Nf6 2. Bg5 g6 3. Bxf6 exf6 4. e3 Bg7 5. Ne2 O-O 6. Nf4 d5 7. h4 h5 8. c4 dxc4 9. Bxc4 f5 10. Nxg6 Re8 11. Qxh5 b5 12. Bb3 c5 13. Ne5 c4 14. Qxf7+ Kh7 15. Bc2 Qf6 16. Qh5+ Kg8 17. Qxe8+ Kh7 18. Qh5+ Kg8 19. O-O Nd7 20. Nxd7 Bxd7 21. Nc3 Bc6 22. d5 Bb7 23. Qxf5 Qxh4 24. Qe6+ Kh8 25. Qh3 Qxh3 26. gxh3 Rg8 27. Kh2 b4 28. Ne4 Bxb2 29. Rab1 Be5+ 30. f4 Bc7 31. Rg1 Rf8 32. Rxb4 Bxd5 33. Rg5 Be6 34. Rb7 Bb6 35. Nf6 Bf7 36. Rxf7 Rxf7 37. Rg8# 1-0

[Event "December 19 Early 2023"]
[Site "https://www.chess.com"]
[Date "2023.12.19"]
[Round "1"]
[White "Jakubowski, Krzysztof"]
[Black "Napoli, Nicolo"]
[Result "0-1"]
[Board "159"]
[TimeControl "180+1"]
[WhiteFideId "1112848"]
[BlackFideId "813702"]
[WhiteElo "2369"]
[BlackElo "2306"]
[WhiteTeam "POL"]
[BlackTeam "ITA"]
[WhiteClock "0:00:40"]
[BlackClock "0:00:18"]

1. e4 c6 2. d4 d5 3. exd5 cxd5 4. Bd3 Nf6 5. c3 Bg4 6. Qb3 Qc7 7. Na3 a6 8. Nc2 Nc6 9. Ne3 Na5 10. Qc2 e6 11. Nxg4 Nxg4 12. Qe2 Nf6 13. Nf3 Bd6 14. O-O Nc4 15. Bg5 b5 16. a4 O-O 17. g3 Be7 18. Ne5 h6 19. Bxf6 Bxf6 20. Ng4 Qe7 21. Rfe1 Rab8 22. axb5 axb5 23. b3 Nd6 24. Ra6 Ne8 25. Bxb5 Nc7 26. Ra7 Rxb5 27. Rxc7 Qxc7 28. Nxf6+ gxf6 29. Qxb5 Qxc3 30. Rd1 Rc8 31. Kg2 Qc2 32. Rd3 Qe2 33. Rf3 Qxb5 0-1

[Event "December 19 Early 2023"]
[Site "https://www.chess.com"]
[Date "2023.12.19"]
[Round "1"]
[White "Ernst, Luca"]
[Black "Karttunen, Mika"]
[Result "0-1"]
[Board "160"]
[TimeControl "180+1"]
[WhiteFideId "45117055"]
[BlackFideId "502081"]
[WhiteElo "1973"]
[BlackElo "2396"]
[WhiteTeam "FRA"]
[BlackTeam "FIN"]
[WhiteClock "0:00:01"]
[BlackClock "0:01:03"]

1. Nf3 d5 2. g3 Nf6 3. Bg2 e6 4. O-O c5 5. c4 d4 6. e3 Nc6 7. d3 h6 8. Re1 Bd6 9. a3 a5 10. Nbd2 O-O 11. b3 e5 12. exd4 exd4 13. Nh4 Bg4 14. Qc2 Re8 15. Ne4 Nxe4 16. Bxe4 g5 17. Ng2 Kg7 18. Bd2 Qb6 19. h4 f6 20. Rab1 Ne5 21. Kh1 Nf3 22. Bxf3 Bxf3 23. Kg1 Qc6 24. Rxe8 Qxe8 25. Ne1 Bc6 26. Ng2 Qe2 27. Re1 Qf3 0-1

[Event "December 19 Early 2023"]
[Site "https://www.chess.com"]
[Date "2023.12.19"]
[Round "1"]
[White "Chor, Kevin"]
[Black "Ruge, Edison"]
[Result "1-0"]
[Board "161"]
[TimeControl "180+1"]
[WhiteFideId "2090740"]
[BlackFideId "4401000"]
[WhiteElo "2631"]
[BlackElo "2175"]
[WhiteTeam "USA"]
[BlackTeam "COL"]
[WhiteClock "0:01:11"]
[BlackClock "0:00:09"]

1. e4 e5 2. Nf3 Nc6 3. Bb5 f5 4. d3 fxe4 5. dxe4 Nf6 6. O-O Bc5 7. Qe2 Nd4 8. Nxd4 Bxd4 9. c3 Bb6 10. Bc4 d6 11. a4 a6 12. Bg5 Qe7 13. Nd2 Be6 14. Kh1 O-O 15. f4 exf4 16. e5 dxe5 17. Qxe5 Rae8 18. Rae1 Be3 19. Bxf4 Bxd2 20. Qxe6+ Qxe6 21. Rxe6 b5 22. Rxe8+ bxc4 23. Rxf8+ Kxf8 24. Bxd2 1-0

[Event "December 19 Early 2023"]
[Site "https://www.chess.com"]
[Date "2023.12.19"]
[Round "1"]
[White "Mesa Cruz, Juan Carlos"]
[Black "Antunez Soler, Luis"]
[Result "1-0"]
[Board "162"]
[TimeControl "180+1"]
[WhiteFideId "6423400"]
[BlackFideId "3513335"]
[WhiteElo "2142"]
[BlackElo "2154"]
[WhiteTeam "DOM"]
[BlackTeam "CUB"]
[WhiteClock "0:00:45"]
[BlackClock "0:01:17"]

1. e4 e6 2. Qe2 c5 3. Nf3 Nc6 4. g3 d6 5. Bg2 e5 6. a3 Bg4 7. c3 Nf6 8. O-O Qd7 9. d3 Be7 10. b4 h5 11. Nbd2 h4 12. Nc4 hxg3 13. fxg3 Bh3 14. bxc5 Bxg2 15. Qxg2 dxc5 16. Nfxe5 Nxe5 17. Nxe5 Qe6 18. d4 cxd4 19. cxd4 O-O-O 20. Be3 Kb8 21. d5 Qa6 22. Nxf7 Ng4 23. Bd4 Rxh2 24. Qf3 Qc4 25. Qxg4 Qxd4+ 26. Kxh2 Qd2+ 27. Kh3 1-0

[Event "December 19 Early 2023"]
[Site "https://www.chess.com"]
[Date "2023.12.19"]
[Round "1"]
[White "Principe, Gerson"]
[Black "Shapiro, Daniel"]
[Result "1/2-1/2"]
[Board "163"]
[TimeControl "180+1"]
[WhiteFideId "3804550"]
[BlackFideId "2001780"]
[WhiteElo "2186"]
[BlackElo "2318"]
[WhiteTeam "PER"]
[BlackTeam "USA"]
[WhiteClock "0:00:19"]
[BlackClock "0:01:17"]

1. Nf3 Nf6 2. b3 d6 3. d4 Nbd7 4. Bb2 g6 5. g3 Bg7 6. Bg2 O-O 7. O-O c6 8. c4 Qc7 9. Nc3 e5 10. Rc1 Re8 11. e3 Nf8 12. b4 e4 13. Nd2 d5 14. b5 Bg4 15. Qb3 Qd7 16. a4 Bh3 17. a5 Qf5 18. Qd1 a6 19. bxc6 bxc6 20. Na4 Ne6 21. Nb6 Rad8 22. cxd5 cxd5 23. f4 exf3 24. Qxf3 Qxf3 25. Nxf3 Bxg2 26. Kxg2 Ng4 27. Rce1 Bh6 28. Bc1 Nc7 29. Re2 Nb5 30. Rfe1 Nc3 31. Rc2 Nb5 32. Rce2 Nc3 33. Rc2 Nb5 34. Rce2 1/2-1/2

[Event "December 19 Early 2023"]
[Site "https://www.chess.com"]
[Date "2023.12.19"]
[Round "1"]
[White "Buscar, Michael"]
[Black "Domingo Nunez, Alejandro"]
[Result "0-1"]
[Board "164"]
[TimeControl "180+1"]
[WhiteFideId "2603616"]
[BlackFideId "22245561"]
[WhiteElo "2010"]
[BlackElo "2252"]
[WhiteTeam "CAN"]
[BlackTeam "ESP"]
[WhiteClock "0:02:35"]
[BlackClock "0:02:37"]

1. d4 Nf6 2. c4 g6 3. Nc3 Bg7 4. e4 d6 5. Nf3 O-O 6. Be2 e5 7. h3 exd4 8. Nxd4 Re8 9. Bf3 Nxe4 10. Nxe4 f5 11. Bg5 Qxg5 12. O-O fxe4 0-1

[Event "December 19 Early 2023"]
[Site "https://www.chess.com"]
[Date "2023.12.19"]
[Round "1"]
[White "Tarasova, Viktoriya"]
[Black "Boyer, Mahel"]
[Result "0-1"]
[Board "166"]
[TimeControl "180+1"]
[WhiteFideId "4175840"]
[BlackFideId "45102422"]
[WhiteElo "2182"]
[BlackElo "2449"]
[WhiteTeam "RUS"]
[BlackTeam "FRA"]
[WhiteClock "0:00:07"]
[BlackClock "0:00:02"]

1. d4 d6 2. c4 e5 3. Nc3 exd4 4. Qxd4 Nc6 5. Qd2 g6 6. b3 Bh6 7. e3 Nf6 8. Bd3 O-O 9. Bb2 Ne5 10. Nge2 a5 11. O-O Re8 12. Bc2 Nfg4 13. Nf4 Qh4 14. h3 Nf3+ 15. gxf3 Ne5 16. Qe2 Bxh3 17. Nxh3 Qxh3 18. Be4 d5 19. Nxd5 Ng4 20. Nf6+ Nxf6 21. Bxf6 Re6 22. Bb2 Rae8 23. Bxb7 Re5 24. f4 Bxf4 25. Qf3 Rg5+ 26. Qg2 Qh2# 0-1

[Event "December 19 Early 2023"]
[Site "https://www.chess.com"]
[Date "2023.12.19"]
[Round "1"]
[White "Omelja, Artem"]
[Black "Eggleston, Thomas A"]
[Result "1-0"]
[Board "167"]
[TimeControl "180+1"]
[WhiteFideId "14119846"]
[BlackFideId "412139"]
[WhiteElo "2404"]
[BlackElo "2169"]
[WhiteTeam "UKR"]
[BlackTeam "ENG"]
[WhiteClock "0:00:02"]
[BlackClock "0:00:00"]

1. d4 e6 2. c4 f5 3. Bf4 Nf6 4. e3 Bb4+ 5. Nc3 c5 6. Bd3 O-O 7. Nf3 Ne4 8. Qc2 d5 9. O-O cxd4 10. Nxd4 Bxc3 11. bxc3 Nc6 12. Rfd1 Qf6 13. cxd5 exd5 14. Qb3 Qf7 15. Qa3 Be6 16. Rab1 Rac8 17. Nb5 b6 18. Bxe4 fxe4 19. Nd6 Qe7 20. Qa4 Rc7 21. Nb5 Rd7 22. Bg3 Bg4 23. Rd2 Ne5 24. Qb3 Nc4 25. Rd4 a6 26. Rxc4 dxc4 27. Qxc4+ Be6 28. Qxe4 axb5 29. h3 Bf5 30. Qxe7 Rxe7 31. Rxb5 Rb7 32. Rb4 g6 33. a4 1-0

[Event "December 19 Early 2023"]
[Site "https://www.chess.com"]
[Date "2023.12.19"]
[Round "1"]
[White "Nechitaylo, Nikita"]
[Black "Kim, Sergey"]
[Result "1-0"]
[Board "168"]
[TimeControl "180+1"]
[WhiteFideId "34138161"]
[BlackFideId "13700570"]
[WhiteElo "2049"]
[BlackElo "2626"]
[WhiteTeam "UKR"]
[BlackTeam "KAZ"]
[WhiteClock "0:00:50"]
[BlackClock "0:00:54"]

1. d4 Nf6 2. c4 g6 3. f3 Bg7 4. e4 d6 5. Be3 O-O 6. Nc3 Nc6 7. Nge2 a6 8. Qd2 Rb8 9. Rc1 e5 10. d5 Ne7 11. c5 Nd7 12. b4 a5 13. a3 axb4 14. axb4 f5 15. cxd6 cxd6 16. Nb5 Nf6 17. Nec3 fxe4 18. Nxe4 Nf5 19. Bg5 h6 20. Bxf6 Bxf6 21. Bd3 Bg7 22. Ng3 Qb6 23. Qf2 Nd4 24. O-O Bf5 25. Nxd4 Bxd3 26. Ne6 Bxf1 27. Qxb6 1-0

[Event "December 19 Early 2023"]
[Site "https://www.chess.com"]
[Date "2023.12.19"]
[Round "1"]
[White "Ambartsumova, Karina"]
[Black "Umarov, Sabir"]
[Result "1-0"]
[Board "169"]
[TimeControl "180+1"]
[WhiteFideId "4166299"]
[BlackFideId "14200538"]
[WhiteElo "2240"]
[BlackElo "2307"]
[WhiteTeam "RUS"]
[BlackTeam "UZB"]
[WhiteClock "0:01:03"]
[BlackClock "0:00:00"]

1. d4 c6 2. c4 g6 3. e4 Bg7 4. Nc3 d6 5. Nf3 Bg4 6. Be2 Qb6 7. d5 Bxc3+ 8. bxc3 Nf6 9. Qc2 Nbd7 10. O-O Rc8 11. Be3 Qa5 12. Bd4 Bxf3 13. Bxf3 Ne5 14. Be2 cxd5 15. cxd5 O-O 16. f4 Nc4 17. Rad1 b5 18. Bf3 e5 19. dxe6 fxe6 20. e5 dxe5 21. fxe5 Nd5 22. Bg4 Qa6 23. Qd3 Nb2 24. Qh3 Nxd1 25. Bxe6+ Kg7 26. Bxd5 Rxf1+ 27. Kxf1 b4+ 28. Ke1 Rf8 29. e6+ 1-0

[Event "December 19 Early 2023"]
[Site "https://www.chess.com"]
[Date "2023.12.19"]
[Round "1"]
[White "Rushbrooke, Remy"]
[Black "Tokhirjonova, Gulrukhbegim"]
[Result "0-1"]
[Board "170"]
[TimeControl "180+1"]
[WhiteFideId "443590"]
[BlackFideId "14203626"]
[WhiteElo "1942"]
[BlackElo "2265"]
[WhiteTeam "ENG"]
[BlackTeam "USA"]
[WhiteClock "0:01:30"]
[BlackClock "0:00:19"]

1. Nf3 d5 2. g3 c6 3. Bg2 Nf6 4. c4 g6 5. O-O dxc4 6. Ne5 Be6 7. Na3 Bg7 8. Naxc4 O-O 9. d4 Nbd7 10. Nxd7 Nxd7 11. b3 Bxc4 12. bxc4 Nb6 13. c5 Bxd4 14. Bh6 Bxc5 15. Bxf8 Qxf8 16. a4 Rd8 17. Qc2 e5 18. e3 Nd5 19. Rfb1 b6 20. a5 Nb4 21. Qc4 b5 22. Qc3 Qe7 23. Rc1 Nd3 24. Rd1 e4 25. Bf1 Bb4 26. Qb3 c5 27. Bxd3 exd3 28. Rxd3 Rxd3 29. Qxd3 c4 30. Qd5 a6 31. Rd1 c3 32. Qd8+ Qxd8 33. Rxd8+ Kg7 34. Rc8 Bxa5 35. Kf1 b4 36. Ke2 b3 37. Kd1 c2+ 38. Kc1 Bb4 39. Kb2 Bd2 40. e4 a5 41. Rxc2 bxc2 42. Kxc2 Bb4 43. Kb3 Kf6 44. f3 g5 45. h3 h5 46. f4 gxf4 47. gxf4 Bd2 48. f5 Ke5 0-1

[Event "December 19 Early 2023"]
[Site "https://www.chess.com"]
[Date "2023.12.19"]
[Round "1"]
[White "Nasir, Zehn"]
[Black "Korol, Dimitry"]
[Result "1-0"]
[Board "171"]
[TimeControl "180+1"]
[WhiteFideId "2613239"]
[BlackFideId "14108003"]
[WhiteElo "2004"]
[BlackElo "2262"]
[WhiteTeam "CAN"]
[BlackTeam "UKR"]
[WhiteClock "0:00:23"]
[BlackClock "0:00:07"]

1. d4 Nf6 2. Bf4 c5 3. e3 Qb6 4. b3 d5 5. Nf3 g6 6. c3 Bg7 7. Nbd2 O-O 8. Bd3 Nc6 9. O-O Rd8 10. h3 Bd7 11. Qe2 Rac8 12. Ne5 Be8 13. Nxc6 Bxc6 14. Be5 a6 15. Rac1 Nd7 16. Bxg7 Kxg7 17. f4 Bb5 18. f5 Bxd3 19. Qxd3 Nf6 20. Rf3 Rf8 21. Rcf1 Qd6 22. Rf4 b5 23. Nf3 cxd4 24. cxd4 Ne4 25. Ne5 f6 26. Ng4 g5 27. Rxe4 dxe4 28. Qxe4 Rcd8 29. h4 h6 30. hxg5 hxg5 31. Kf2 Rh8 32. Rc1 Rd7 33. Qf3 Qd5 34. Rc6 Qxf3+ 35. Kxf3 Ra8 36. Nf2 a5 37. Ne4 Kf7 38. Nc5 Rda7 39. d5 Rd8 40. e4 Rd6 41. Rc8 Rb6 42. Ne6 Rxe6 43. dxe6+ Kg7 44. Rd8 Ra6 45. Rd7 Kf8 46. Ke3 b4 47. Rd5 a4 48. Kd3 axb3 49. axb3 Ra2 50. Rd8+ Kg7 51. Re8 Rxg2 52. Rxe7+ Kg8 53. Rb7 Rg1 54. e7 Kf7 55. Rxb4 Kxe7 56. Ke3 Re1+ 57. Kf3 Rb1 58. Rb6 Kf7 59. Rb7+ Kf8 60. b4 Rb3+ 61. Kg4 Kg8 62. Kh5 Re3 63. Kg6 Kf8 64. Kxf6 Ke8 65. e5 g4 66. e6 Kd8 67. Rb8+ Kc7 68. Rg8 g3 69. e7 Kd7 70. Rd8+ Kc7 71. e8=Q Rxe8 72. Rxe8 g2 73. Rg8 g1=Q 74. Rxg1 1-0

[Event "December 19 Early 2023"]
[Site "https://www.chess.com"]
[Date "2023.12.19"]
[Round "1"]
[White "Antonio, Jorge Carlos"]
[Black "Skatchkov, Valery"]
[Result "0-1"]
[Board "172"]
[TimeControl "180+1"]
[WhiteFideId "113190"]
[BlackFideId "24195812"]
[WhiteElo "2247"]
[BlackElo "2320"]
[WhiteTeam "ARG"]
[BlackTeam "RUS"]
[WhiteClock "0:01:06"]
[BlackClock "0:01:15"]

1. d4 Nf6 2. Nf3 d5 3. Bf4 c5 4. e3 Nc6 5. c3 e6 6. Bd3 Bd6 7. Ne5 Bxe5 8. dxe5 Nd7 9. Bb5 Qc7 10. Qg4 g6 11. Qg3 h6 12. h4 Ne7 13. Nd2 a6 14. Bd3 b5 15. O-O Bb7 16. Nf3 O-O-O 17. a4 c4 18. axb5 cxd3 19. bxa6 Ba8 20. Nd4 Nf5 21. Qf3 Nxe5 22. Qd1 g5 23. Bxe5 Qxe5 24. b4 gxh4 25. b5 h3 26. Nf3 Qd6 27. Qxd3 Rhg8 28. b6 Rxg2+ 29. Kh1 Qxb6 30. Rfb1 Rxf2 31. Rxb6 Ng3+ 32. Kg1 Rg2# 0-1

[Event "December 19 Early 2023"]
[Site "https://www.chess.com"]
[Date "2023.12.19"]
[Round "1"]
[White "Lund, Gunnar"]
[Black "Marinakis, Hristos"]
[Result "1-0"]
[Board "173"]
[TimeControl "180+1"]
[WhiteFideId "1520814"]
[BlackFideId "4294661"]
[WhiteElo "2233"]
[BlackElo "2297"]
[WhiteTeam "NOR"]
[BlackTeam "GRE"]
[WhiteClock "0:00:17"]
[BlackClock "0:00:05"]

1. d4 Nf6 2. c4 e6 3. g3 c5 4. d5 exd5 5. cxd5 d6 6. Bg2 g6 7. Nc3 Bg7 8. Nf3 O-O 9. O-O Re8 10. Re1 a6 11. a4 Ne4 12. Nxe4 Rxe4 13. Nd2 Rb4 14. Qc2 Nd7 15. e4 Ne5 16. h3 g5 17. Nf1 Qf6 18. Kh1 g4 19. hxg4 Bxg4 20. Bd2 Rc4 21. Bc3 Qg6 22. Nh2 Qh5 23. Kg1 Bh3 24. Qd1 Bg4 25. Qd2 Nf3+ 26. Nxf3 Bxf3 27. Bxg7 Kxg7 28. Qf4 Bxg2 29. Kxg2 Qe5 30. Qg4+ Kh8 31. b3 Rd4 32. Rad1 Rg8 33. Qf3 Rxd1 34. Rxd1 Re8 35. Qxf7 Qxe4+ 36. Kg1 Qe7 37. Qf4 Qe5 38. Qf7 Qe7 39. Qh5 Qe5 40. Qh6 Qe7 41. Kh2 Rf8 42. Rf1 Qf6 43. Qe3 Qe5 44. Qxe5+ dxe5 45. Re1 Re8 46. Kg2 Kg7 47. Kf3 Kf6 48. Ke4 Rg8 49. Rh1 Rg4+ 50. f4 exf4 51. gxf4 Kg7 52. d6 Rg2 53. Rd1 Re2+ 54. Kf3 Re8 55. Kg4 Rd8 56. Kf5 Kf7 57. Ke5 Ke8 58. Ke6 Rd7 59. Rg1 Rf7 60. Rg8+ Rf8 61. d7+ 1-0

[Event "December 19 Early 2023"]
[Site "https://www.chess.com"]
[Date "2023.12.19"]
[Round "1"]
[White "Zilleruelo Irizarry, Diego"]
[Black "Vlassov, Nikolai"]
[Result "1-0"]
[Board "174"]
[TimeControl "180+1"]
[WhiteFideId "3101460"]
[BlackFideId "4103360"]
[WhiteElo "2009"]
[BlackElo "2351"]
[WhiteTeam "PUR"]
[BlackTeam "FID"]
[WhiteClock "0:00:35"]
[BlackClock "0:00:00"]

1. e4 Nc6 2. Nf3 d5 3. exd5 Qxd5 4. Nc3 Qa5 5. Bb5 Bd7 6. O-O a6 7. Be2 Nf6 8. d4 O-O-O 9. Be3 Bg4 10. a3 Qh5 11. h3 e5 12. d5 e4 13. Nd4 Bxe2 14. Qxe2 Qxe2 15. Ndxe2 Nxd5 16. Nxe4 Nxe3 17. fxe3 f6 18. Rad1 Be7 19. Nd4 Ne5 20. b3 Bxa3 21. Ne6 Rxd1 22. Rxd1 Rg8 23. Ng3 g6 24. Ne4 Be7 25. Rd5 Re8 26. N4c5 Bxc5 27. Nxc5 Nc6 28. Kf2 Nb4 29. Rd2 b6 30. Na4 Rd8 31. Ke2 Rxd2+ 32. Kxd2 Kd7 33. c3 Nc6 34. Kd3 Kd6 35. Ke4 b5 36. Nb2 Ne5 37. g4 a5 38. c4 bxc4 39. bxc4 Kc5 40. g5 Nd7 41. gxf6 Nxf6+ 42. Kd3 Kb4 43. e4 Nd7 44. Kd4 a4 45. Nd3+ Kb3 46. e5 a3 47. e6 Nf6 48. Ke5 Ne8 49. e7 a2 50. Nc1+ Kb2 51. Nxa2 Kxa2 52. c5 Kb3 53. Ke6 c6 54. Kd7 Ng7 55. Kxc6 Kc4 56. Kd6 Nf5+ 57. Kd7 Nxe7 58. Kxe7 Kxc5 59. Kf6 Kd6 60. Kg7 Ke7 61. Kxh7 Kf6 62. Kh6 1-0

[Event "December 19 Early 2023"]
[Site "https://www.chess.com"]
[Date "2023.12.19"]
[Round "1"]
[White "Ezat, Mohamed"]
[Black "Martin, Lewis"]
[Result "1-0"]
[Board "175"]
[TimeControl "180+1"]
[WhiteFideId "10600906"]
[BlackFideId "410551"]
[WhiteElo "2367"]
[BlackElo "2145"]
[WhiteTeam "EGY"]
[BlackTeam "ENG"]
[WhiteClock "0:01:02"]
[BlackClock "0:00:05"]

1. d4 d5 2. c4 c6 3. Nc3 e6 4. e4 dxe4 5. Nxe4 Nf6 6. Nxf6+ Qxf6 7. Nf3 Nd7 8. Bd3 Bb4+ 9. Bd2 Bxd2+ 10. Qxd2 O-O 11. O-O e5 12. Ng5 exd4 13. Nxh7 Qd6 14. Nxf8 Nxf8 15. Rae1 Be6 16. Qg5 Re8 17. c5 Qe7 18. Qxe7 Rxe7 19. f4 Rd7 20. b3 Bd5 21. f5 f6 22. Re8 Kf7 23. Rfe1 b6 24. Rb8 g5 25. Ree8 Nh7 26. Rh8 Kg7 27. Rhd8 Re7 28. cxb6 axb6 29. Rxb6 g4 30. Rdb8 Kh6 31. R6b7 Re1+ 32. Kf2 Ra1 33. Rh8 Rxa2+ 34. Kg3 Rxg2+ 35. Kf4 Rf2+ 36. Kxg4 Rg2+ 37. Kh3 Kg5 38. Rg7+ Kf4 39. Rxg2 1-0

[Event "December 19 Early 2023"]
[Site "https://www.chess.com"]
[Date "2023.12.19"]
[Round "1"]
[White "Kohler, Aran"]
[Black "Golubev, Mikhail"]
[Result "0-1"]
[Board "176"]
[TimeControl "180+1"]
[WhiteFideId "1002856"]
[BlackFideId "14100983"]
[WhiteElo "2288"]
[BlackElo "2352"]
[WhiteTeam "NED"]
[BlackTeam "UKR"]
[WhiteClock "0:00:00"]
[BlackClock "0:00:05"]

1. d4 Nf6 2. Nf3 d6 3. Bg5 Nbd7 4. e3 e5 5. dxe5 dxe5 6. Bc4 Bb4+ 7. c3 Be7 8. Nbd2 O-O 9. O-O a6 10. a4 b6 11. Qc2 Bb7 12. Rfd1 e4 13. Nd4 h6 14. Bf4 Nc5 15. b4 Nd3 16. Nxe4 Nxf4 17. Nxf6+ Bxf6 18. exf4 Qc8 19. h3 c5 20. bxc5 Qxc5 21. Bf1 Rfc8 22. Ne2 b5 23. axb5 axb5 24. Rxa8 Bxa8 25. Qb3 Bc6 26. Rd3 Be8 27. Rg3 Qf5 28. Re3 Bd7 29. g4 Qc5 30. Bg2 Be6 31. Qb1 Bc4 32. Nd4 Bxd4 33. cxd4 Qxd4 34. Qf5 Rd8 35. Be4 g6 36. Qe5 Qxe5 37. fxe5 b4 38. Re1 b3 39. Kg2 Rd2 40. Kg3 Re2 41. Rxe2 Bxe2 42. f4 Bd1 43. Bd5 Bc2 44. Bxb3 Bxb3 45. f5 Bc2 46. Kf4 Kg7 47. h4 gxf5 48. gxf5 f6 49. e6 Kf8 50. Kg4 Bd1+ 51. Kf4 Ke7 52. Ke4 h5 53. Kf4 Kd6 0-1

[Event "December 19 Early 2023"]
[Site "https://www.chess.com"]
[Date "2023.12.19"]
[Round "1"]
[White "Sadykov, Ramil"]
[Black "Pogorelskikh, Sofia"]
[Result "1-0"]
[Board "177"]
[TimeControl "180+1"]
[WhiteFideId "24113590"]
[BlackFideId "44164548"]
[WhiteElo "2245"]
[BlackElo "2031"]
[WhiteTeam "FID"]
[BlackTeam "SRB"]
[WhiteClock "0:00:41"]
[BlackClock "0:00:01"]

1. d4 Nf6 2. Nc3 g6 3. e4 d6 4. Be3 Bg7 5. Qd2 c6 6. Bh6 Bxh6 7. Qxh6 Qa5 8. O-O-O b5 9. e5 Ng4 10. Qg7 Rf8 11. exd6 b4 12. dxe7 Kxe7 13. Re1+ Be6 14. Rxe6+ Kxe6 15. Qxf8 Qg5+ 16. Kb1 Nf6 17. Nf3 Qa5 18. Bc4+ Nd5 19. Re1+ Kf6 20. Qh8+ Kf5 21. Qe5+ Kg4 22. h3# 1-0

[Event "December 19 Early 2023"]
[Site "https://www.chess.com"]
[Date "2023.12.19"]
[Round "1"]
[White "Guimaraes, Wagner Peixoto"]
[Black "Janaszak, Dawid"]
[Result "0-1"]
[Board "178"]
[TimeControl "180+1"]
[WhiteFideId "2100940"]
[BlackFideId "1119206"]
[WhiteElo "2140"]
[BlackElo "2218"]
[WhiteTeam "BRA"]
[BlackTeam "POL"]
[WhiteClock "0:00:00"]
[BlackClock "0:00:52"]

1. Nf3 g6 2. d4 Bg7 3. e4 d6 4. Nc3 Nf6 5. h3 O-O 6. Be3 c6 7. a4 Nbd7 8. Be2 e5 9. dxe5 dxe5 10. Qd6 Re8 11. O-O Bf8 12. Qd2 Qc7 13. Rad1 Nc5 14. Bd3 Nh5 15. Kh2 Nxd3 16. Qxd3 b6 17. Rfe1 Bb7 18. Qd7 Rac8 19. Qxc7 Rxc7 20. Nd2 Bb4 21. Nc4 Bxc3 22. bxc3 Kg7 23. g3 Ba6 24. Nd6 Ree7 25. a5 b5 26. Bc5 Re6 27. Rd2 Nf6 28. f3 Nd7 29. Ba3 Nf8 30. Red1 h6 31. Bc5 Kg8 32. Ba3 Nh7 33. h4 h5 34. c4 bxc4 35. Bc5 c3 36. Rf2 Rd7 37. f4 Nf6 38. Rf3 Nxe4 39. Nxe4 Rxd1 40. fxe5 Rxe5 41. Nf6+ Kg7 42. Bxa7 Rd2+ 43. Kg1 Re1+ 0-1

[Event "December 19 Early 2023"]
[Site "https://www.chess.com"]
[Date "2023.12.19"]
[Round "1"]
[White "Masague Artero, Guerau"]
[Black "Player, Edmund C"]
[Result "1-0"]
[Board "179"]
[TimeControl "180+1"]
[WhiteFideId "32098952"]
[BlackFideId "406520"]
[WhiteElo "2253"]
[BlackElo "2015"]
[WhiteTeam "ESP"]
[BlackTeam "ENG"]
[WhiteClock "0:00:05"]
[BlackClock "0:00:00"]

1. Nf3 d5 2. e3 g6 3. d4 Bg7 4. b4 Nf6 5. Bb2 O-O 6. Nbd2 a5 7. b5 a4 8. Ba3 c6 9. Rb1 Bf5 10. Ne5 Ne4 11. Bb4 cxb5 12. Bxb5 Na6 13. Nxe4 Nxb4 14. Rxb4 Bxe4 15. O-O Qd6 16. Rxa4 Rxa4 17. Bxa4 Bxe5 18. dxe5 Qxe5 19. Qd2 Rc8 20. Bb3 h5 21. f3 Bf5 22. Rd1 Rc5 23. h3 h4 24. Qd4 Qd6 25. Qxh4 Bxc2 26. Rd2 Bxb3 27. axb3 Rc3 28. Kf2 Rxb3 29. Rc2 Kg7 30. Qd4+ 1-0